 Dungeon Crawl Stone Soup version 0.30-a0-643-g638baaf3f0 (webtiles) character file.

Game seed: 6059321068641265228

36109 Bulla the Covert (level 13, -6/64 (66) HPs)
             Began as a Spriggan Enchanter on Jan 16, 2023.
             Was a High Priest of Wu Jian.
             Mangled by a black mamba (12 damage)
             ... on level 4 of the Lair of Beasts.
             The game lasted 02:58:51 (18562 turns).

Bulla the Covert (Spriggan Enchanter)              Turns: 18562, Time: 02:58:51

HP:   -6/64 (66)    AC:  4    Str:  6    XL:     13   Next: 51%
MP:   28/28         EV: 33    Int: 22    God:    Wu Jian [*****.]
Gold: 1442          SH:  6    Dex: 25    Spells: 24/33 levels left

rFire   . . .      SeeInvis +    f - +1 short sword (flame)
rCold   . . .      Faith    .    O - +0 buckler
rNeg    . . .      Spirit   .    E - +0 troll leather armour
rPois   .          Reflect  .    (helmet restricted)
rElec   .          Harm     .    (no cloak)
rCorr   .          Rampage  .    (gloves unavailable)
Will    ++...                    (boots unavailable)
Stlth   +++                      (no amulet)
HPRegen 1.10/turn                i - +6 ring of intelligence
MPRegen 0.21/turn                K - +6 ring of dexterity

@: in a heavenly storm, glowing, lightly drained, very quick
A: very small, no large weapons, unfitting armour, see invisible, speed 3,
devolution 1
a: Renounce Religion, Wall Jump, Serpent's Lash, Heavenly Storm


You were on level 4 of the Lair of Beasts.
You worshipped Wu Jian.
Wu Jian was extremely pleased with you.
You visited 3 branches of the dungeon, and saw 18 of its levels.
You also visited: Gauntlet.

You collected 1442 gold pieces.

Inventory:

Hand Weapons
 f - a +1 short sword of flaming (weapon)
 B - a +2 dagger of venom
 M - a +4 heavy dagger
 R - the +8 whip "Snakebite" {venom, curare, rPois}
   (You found it on level 2 of the Lair of Beasts)

   rPois:     It protects you from poison.
 W - the +6 dagger of Watchfulness {drain, rElec Int+4 Dex+2}
   (You found it on level 7 of the Dungeon)

   Int:       It affects your intelligence (+4).
   Dex:       It affects your dexterity (+2).
   rElec:     It insulates you from electricity.
Missiles
 a - 2 datura-tipped darts
 b - 4 atropa-tipped darts
 j - 18 boomerangs (quivered)
 q - 31 poisoned darts
 C - 2 silver boomerangs
 S - 2 throwing nets
Armour
 e - a scarf of invisibility
 s - +0 steam dragon scales
 E - a +0 troll leather armour (worn)
 O - a +0 buckler (worn)
Jewellery
 i - a +6 ring of intelligence (left hand)
 m - a ring of protection from cold
 v - a ring of fire
 w - a ring of protection from cold
 J - a ring of willpower
 K - a +6 ring of dexterity (right hand)
Wands
 u - a wand of iceblast (13)
 x - a wand of light (23)
 H - a wand of flame (42)
 I - a wand of mindburst (15)
 N - a wand of digging (5)
 P - a wand of paralysis (19)
Scrolls
 d - 10 scrolls of teleportation
 n - a scroll of magic mapping {unknown}
 o - 20 scrolls of identify
 p - a scroll of immolation
 y - 2 scrolls of fog
 z - 2 scrolls of poison
 A - a scroll of blinking
Potions
 c - 3 potions of invisibility
 g - 5 potions of ambrosia
 h - 7 potions of flight
 k - 2 potions of heal wounds
 l - 5 potions of curing
 t - a potion of resistance
 T - a potion of brilliance
Miscellaneous
 Y - a piece from Xom's chessboard (15/15)
 Z - a tin of tremorstones (2/2)


   Skills:
 - Level 6.8 Fighting
 + Level 9.3 Short Blades
 - Level 2.1 Maces & Flails
 - Level 3.5 Ranged Weapons
 - Level 4.4 Throwing
 - Level 3.1 Armour
 + Level 11.4 Dodging
 + Level 14.0 Stealth
 - Level 3.0 Shields
 + Level 10.7 Spellcasting
 + Level 11.1 Hexes
 - Level 1.1 Translocations
 + Level 2.8 Transmutations
 * Level 2.3 Ice Magic
 - Level 6.7 Evocations


You had 24 spell levels left.
You knew the following spells:

 Your Spells              Type           Power      Damage    Failure   Level
a - Tukima's Dance        Hex            57%        N/A       1%          3
b - Confusing Touch       Hex            57%        N/A       1%          3
c - Ensorcelled Hibernat  Hex/Ice        82%        N/A       1%          2
d - Slow                  Hex            100%       N/A       1%          1

Your spell library contained the following spells:

 Spells                   Type           Power      Damage    Failure   Level
 Dazzling Flash           Conj/Hex       72%        N/A       5%          3
 Wereblood                Tmut           24%        N/A       9%          2
 Passwall                 Tmut/Erth      15%        N/A       14%         2
 Sublimation of Blood     Necr           11%        N/A       26%         2
 Yara's Violent Unravell  Hex/Tmut       21%        3d10      28%         5
 Vampiric Draining        Necr           11%        2d6       45%         3
 Petrify                  Tmut/Erth      18%        N/A       67%         4
 Passage of Golubria      Tloc           16%        N/A       73%         4
 Irradiate                Conj/Tmut      9%         3d14      95%         5
 Statue Form              Tmut/Erth      12%        N/A       100%        6
 Summon Hydra             Summ           5%         N/A       100%        7
 Necromutation            Tmut/Necr      9%         N/A       100%        8


Dungeon Overview and Level Annotations

Branches:
Dungeon (13/15)            Temple (0/1) D:4            Lair (4/5) D:9
 Shoals (1/4) Lair:3       Spider (0/4) Lair:3          Orc (0/2) D:9
Gauntlet (visited)
  Slime: Lair:4-5    Vaults: D:13-14

Altars:
Ashenzari
Cheibriados
Fedhas
Gozag
Hepliaklqana
Kikubaaqudgha
Qazlal
Uskayaw
Wu Jian
Xom
The Shining One

Shops:
D:1 [

Annotations:
D:3 3 runed translucent doors, LowRida's ghost, amateur GnRe
D:5 Chingon's ghost, amateur MiFi
D:13 Frances


Innate Abilities, Weirdness & Mutations

You are very small and have problems with some larger weapons.
You are too small for most types of armour.
You have supernaturally acute eyesight. (SInv)
You cover ground extremely quickly. (Speed+++)
You have hidden genetic defects.


Message History

Your +1 short sword of flaming bursts into flame!
f - a +1 short sword of flaming (weapon)
You hear a bellow!
A blink frog comes into view.
You hit the black mamba but do no damage.
The black mamba is severely wounded.
You hear a bellow!
The black mamba misses you.
You block the seven-headed hydra's attack.
The seven-headed hydra barely misses you.
The seven-headed hydra completely misses you.
The seven-headed hydra misses you. The seven-headed hydra bites you!
The seven-headed hydra misses you. x2; The black mamba completely misses you.
You hit the seven-headed hydra. You burn the seven-headed hydra.
The seven-headed hydra is moderately wounded.
You hear a loud, deep croak!
The black mamba completely misses you. You block the blink frog's attack.
You puncture the seven-headed hydra! You burn the seven-headed hydra.
The seven-headed hydra is moderately wounded.
A blink frog comes into view.
You block the black mamba's attack.
The seven-headed hydra barely misses you.
You block the seven-headed hydra's attack.
The seven-headed hydra bites you. The seven-headed hydra bites you!
* * * LOW HITPOINT WARNING * * *
The seven-headed hydra misses you. The seven-headed hydra bites you.
* * * LOW HITPOINT WARNING * * *
The seven-headed hydra bites you!
* * * LOW HITPOINT WARNING * * *
You spin and attack the blink frog.
You puncture the blink frog! You burn the blink frog.
The blink frog is moderately wounded.
The blink frog blinks!
You spin and attack the blink frog.
You puncture the blink frog! You burn the blink frog.
The blink frog is heavily wounded.
The blink frog blinks!
The black mamba attacks as you move away!
The black mamba bites you!
You die...

####.### # # .F..# # #....# #
############ ### ##....#
####P..#....#.####..##.....#
.......>...................##
..............§☼§§☼§§F§§§...##
.)............☼☼☼FF§☼§☼☼§§.#.#
..............☼☼@SF§☼Y○§☼§...
############.####§D####○§§.# .
#.÷.....÷.'.# #P☼## #§§☼# #..
#.########### ### #D☼§#....
#†#.......#.##########§§☼.....
#.#.#####.#.§§☼☼§§☼§☼☼§☼§.....
#÷#.# ?)#÷#☼§§☼§§§F§Y§§☼§#....
#.#.# #Z#.#☼§§☼§§☼§§§☼§§§.....
#.#.# #§#.#§☼☼§§§§☼☼§☼....#.#
.


You could see a seven-headed hydra (drained), a black mamba (drained), a cane
toad and 2 blink frogs.

Vanquished Creatures
  An entropy weaver (Lair:4)
  The ghost of Athor the Spear-Bearer, a journeyman FoGl of Okawaru (D:9)
  A centaur warrior (D:13)
  A ghost crab (Lair:4)
  A tengu warrior (D:13)
  2 two-headed ogres
  5 fire crabs (Lair:4)
  Lodul (D:12)
  2 manticores
  An ugly thing (D:12)
  A moth of wrath (Gauntlet)
  3 cyclopes
  6 elephants (Lair:1)
  Joseph (D:9)
  3 black mambas
  3 cane toads
  Psyche (D:12)
  6 komodo dragons
  An unseen horror (D:12)
  A rime drake (Lair:3)
  A kobold demonologist (D:11)
  A tengu conjurer (D:13)
  A queen bee (D:9)
  4 trolls
  A polar bear (Lair:2)
  5 blink frogs
  Sigmund (D:6)
  A shadow (D:11)
  2 wyverns
  A vampire (D:12)
  30 yaks
  A basilisk (D:12)
  2 steam dragons
  5 vampire mosquitoes
  3 redbacks (Lair:3)
  15 water moccasins
  An acid dragon (D:7)
  A floating eye (Lair:4)
  2 ice beasts (D:7)
  7 orc warriors
  A sky beast (D:7)
  4 black bears (D:9)
  7 ogres
  8 centaurs
  20 wolves
  2 phantoms (D:6)
  3 kobold brigands
  10 bullfrogs
  Blork the orc (D:6)
  5 gnoll sergeants
  2 necrophages (D:6)
  5 scorpions
  5 wights
  4 killer bees (D:9)
  2 vampire bats (Lair:1)
  3 howler monkeys (D:9)
  2 orc priests
  2 gnoll boudas
  5 hounds
  6 iguanas
  2 jellies
  14 orc wizards
  14 gnolls
  16 adders
  A shadow imp (D:8)
  A white imp (D:5)
  4 ufetubi
  2 worms
  A dart slug (D:4)
  49 orcs
  13 bats
  8 endoplasms
  2 giant cockroaches
  8 goblins
  4 hobgoblins
  4 jackals (D:4)
  5 quokkas
  6 ball pythons
  5 frilled lizards
  28 kobolds
  5 rats
416 creatures vanquished.

Vanquished Creatures (collateral kills)
  A two-headed ogre (D:11)
  Edmund (D:6)
  An orc warrior (D:7)
  An ogre (D:12)
  An orc wizard (D:7)
  2 gnolls (D:6)
  An orc (D:6)
  A kobold (D:11)
9 creatures vanquished.

Vanquished Creatures (others)
  3 dancing weapons
  A demonic plant (Gauntlet)
  47 fungi
  45 plants
96 creatures vanquished.

Grand Total: 521 creatures vanquished

Notes
Turn   | Place    | Note
-------+----------+-------------------------------------------
     0 | D:1      | Bulla the Spriggan Enchanter began the quest for the Orb.
     0 | D:1      | Reached XP level 1. HP: 9/9 MP: 5/5
   182 | D:1      | Reached XP level 2. HP: 13/13 MP: 6/6
   419 | D:1      | Found a faded altar of an unknown god.
   427 | D:1      | Prayed at the altar of an unknown god.
   427 | D:1      | Became a worshipper of the Wu Jian Council
   427 | D:1      | Reached * piety under Wu Jian
   460 | D:1      | Found Wethrutro's Antique Armour Emporium.
   643 | D:2      | Reached XP level 3. HP: 11/14 MP: 8/8
   733 | D:2      | Reached skill level 5 in Stealth
  1113 | D:3      | Reached ** piety under Wu Jian
  1220 | D:3      | Reached XP level 4. HP: 21/21 MP: 10/10
  1497 | D:3      | Noticed a scorpion
  1694 | D:3      | Found a runed translucent gate.
  1695 | D:3      | Found a runed translucent gate.
  1696 | D:3      | Found a runed translucent gate.
  1697 | D:3      | Noticed LowRida's ghost (amateur GnRe)
  1892 | D:3      | Killed a scorpion
  1893 | D:3      | Reached XP level 5. HP: 12/25 MP: 11/11
  1912 | D:3      | Reached skill level 1 in Fighting
  1996 | D:3      | Found a snail-covered altar of Cheibriados.
  2177 | D:4      | Found a hide-covered altar of Uskayaw.
  2189 | D:4      | Found an ancient bone altar of Kikubaaqudgha.
  2288 | D:4      | Found a hazy altar of Hepliaklqana.
  2289 | D:4      | Found a broken altar of Ashenzari.
  2325 | D:4      | Found a blossoming altar of Fedhas.
  2418 | D:4      | Found a glowing golden altar of the Shining One.
  2502 | D:4      | Reached *** piety under Wu Jian
  2503 | D:4      | Reached skill level 6 in Stealth
  2691 | D:4      | Reached XP level 6. HP: 26/30 MP: 13/13
  2775 | D:4      | Found a staircase to the Ecumenical Temple.
  3107 | D:5      | Entered Level 5 of the Dungeon
  3273 | D:5      | Reached skill level 5 in Hexes
  3492 | D:5      | Found a stormy altar of Qazlal.
  3535 | D:5      | Noticed an orc warrior
  3564 | D:5      | Killed an orc warrior
  3565 | D:5      | Reached XP level 7. HP: 34/34 MP: 14/14
  3686 | D:5      | Found the +1 Delatra's gloves {ID++}
  3827 | D:5      | Reached skill level 5 in Dodging
  4031 | D:5      | Found a transporter.
  4037 | D:5      | Noticed Chingon's ghost (amateur MiFi)
  4047 | D:5      | Found a transporter.
  4242 | D:5      | Learned a level 3 spell: Tukima's Dance
  4246 | D:5      | Learned a level 3 spell: Confusing Touch
  4834 | D:6      | Noticed Blork the orc
  4837 | D:6      | Killed Blork the orc
  4838 | D:6      | Reached skill level 7 in Stealth
  5101 | D:5      | Reached skill level 5 in Spellcasting
  5196 | D:6      | Noticed Edmund
  5219 | D:6      | Killed Edmund
  5220 | D:6      | Reached XP level 8. HP: 18/39 MP: 13/16
  5736 | D:6      | Reached skill level 8 in Stealth
  5743 | D:6      | Reached **** piety under Wu Jian
  5982 | D:6      | Reached skill level 5 in Short Blades
  6450 | D:6      | Noticed Sigmund
  6456 | D:6      | Killed Sigmund
  6480 | D:6      | Reached XP level 9. HP: 43/44 MP: 15/19
  6754 | D:7      | Noticed a cyclops
  6771 | D:7      | Killed a cyclops
  6772 | D:7      | Reached skill level 9 in Stealth
  7117 | D:7      | HP: 2/45 [acid dragon/splash of acid (34)]
  7292 | D:6      | Learned a level 2 spell: Ensorcelled Hibernation
  7456 | D:7      | Reached skill level 10 in Stealth
  7579 | D:7      | Found a shimmering altar of Xom.
  7667 | D:7      | Identified the +2 pair of gloves "Myhut" {+Blink}
  7885 | D:7      | Identified the +6 dagger of Watchfulness {drain, rElec
                  | Int+4 Dex+2}
  8400 | D:8      | Reached skill level 1 in Shields
  8477 | D:8      | Reached XP level 10. HP: 51/51 MP: 22/22
  8562 | D:8      | Noticed a two-headed ogre
  8565 | D:8      | Killed a two-headed ogre
  8566 | D:8      | Reached skill level 1 in Ranged Weapons
  8688 | D:9      | Found a staircase to the Orcish Mines.
  8891 | D:9      | Found an opulent altar of Gozag.
  9002 | D:9      | Reached skill level 5 in Fighting
  9010 | D:9      | Reached ***** piety under Wu Jian
  9087 | D:9      | Noticed Joseph
  9093 | D:9      | Killed Joseph
  9202 | D:9      | Reached skill level 11 in Stealth
  9293 | D:9      | Found an ornate altar of the Wu Jian Council.
  9346 | D:9      | Noticed Athor's ghost (journeyman FoGl)
  9347 | D:9      | Found a transporter.
  9357 | D:9      | Found a transporter.
  9380 | D:9      | Found a staircase to the Lair.
  9851 | D:9      | Killed Athor's ghost
  9852 | D:9      | Reached XP level 11. HP: 37/56 MP: 21/24
  9919 | D:9      | Identified the +2 plate armour of an ice cave {rPois}
  9958 | D:10     | Entered Level 10 of the Dungeon
 11436 | D:11     | Found a gate leading to a gauntlet.
 11444 | D:11     | Noticed a two-headed ogre
 11449 | D:11     | Noticed a two-headed ogre
 11484 | D:11     | Killed a two-headed ogre
 11485 | D:11     | Reached skill level 12 in Stealth
 11651 | D:11     | Killed a two-headed ogre
 11712 | D:11     | Found a hazy altar of Hepliaklqana.
 11727 | Gauntlet | Entered a Gauntlet
 11727 | Gauntlet | Found a transporter.
 11731 | Gauntlet | Found a transporter.
 11733 | Gauntlet | Found a transporter.
 11743 | Gauntlet | Found a transporter.
 11749 | Gauntlet | Found a transporter.
 11755 | Gauntlet | Found a transporter.
 11768 | Gauntlet | Found a transporter.
 11768 | Gauntlet | Noticed a thrashing horror
 11771 | Gauntlet | Noticed a thrashing horror
 11777 | Gauntlet | Found a runed translucent door.
 11777 | Gauntlet | Noticed a ghost crab
 11778 | Gauntlet | Found a transporter.
 11779 | Gauntlet | Found a runed translucent door.
 11786 | Gauntlet | Noticed a large abomination
 11788 | Gauntlet | Found a transporter.
 11792 | Gauntlet | Found a transporter.
 11792 | Gauntlet | Found a transporter.
 11815 | Gauntlet | Noticed a sixfirhy
 11822 | Gauntlet | Found a transporter.
 11823 | Gauntlet | Found a transporter.
 12127 | Gauntlet | Noticed a spectral anaconda
 12129 | Gauntlet | Noticed a spectral eleionoma
 12138 | Gauntlet | Identified the +4 battleaxe of Resourcefulness {antimagic,
                  | rElec rN+ Str+8 Int-3}
 12138 | Gauntlet | Identified the +2 plate armour of Mental Paralysis {rN+
                  | rCorr SInv}
 12138 | Gauntlet | Noticed a minotaur
 12170 | Gauntlet | Got Qalutiogg's Handbook of the Gestalt
 12255 | D:11     | Reached skill level 10 in Dodging
 12691 | D:11     | Reached skill level 1 in Evocations
 13310 | D:12     | Noticed Lodul
 13373 | D:12     | Reached skill level 10 in Hexes
 13585 | D:12     | Killed Lodul
 13586 | D:12     | Reached skill level 1 in Throwing
 13586 | D:12     | Reached XP level 12. HP: 52/61 MP: 23/26
 13995 | D:12     | Noticed Psyche
 14002 | D:12     | Killed Psyche
 14210 | D:12     | Reached skill level 13 in Stealth
 14416 | D:13     | Reached skill level 5 in Evocations
 14437 | D:13     | Noticed a tengu warrior
 14453 | D:13     | Reached skill level 10 in Spellcasting
 14454 | D:13     | Noticed a centaur warrior
 14456 | D:13     | Killed a tengu warrior
 14457 | D:13     | Reached skill level 1 in Armour
 14459 | D:13     | Killed a centaur warrior
 14470 | D:13     | Noticed Frances
 14643 | Lair:1   | Entered Level 1 of the Lair of Beasts
 14882 | Lair:1   | HP: 3/62 [poisoned by a black mamba]
 16011 | Lair:2   | Learned a level 1 spell: Slow
 16183 | Lair:2   | Reached XP level 13. HP: 53/66 MP: 28/28
 16183 | Lair:2   | Found the +8 whip "Snakebite" {venom, curare, rPois}
 16657 | Lair:2   | Reached skill level 1 in Maces & Flails
 16684 | Lair:2   | Reached ****** piety under Wu Jian
 16763 | Lair:3   | Found a staircase to the Shoals.
 16849 | Lair:3   | Found a hole to the Spider Nest.
 17318 | Lair:3   | Reached skill level 1 in Translocations
 17327 | Lair:3   | Reached skill level 1 in Transmutations
 17558 | Lair:2   | Gained mutation: You are weak. (Str -2) [potion of
                  | mutation]
 17558 | Lair:2   | Gained mutation: Your flesh is cold resistant. (rC+)
                  | [potion of mutation]
 17560 | Lair:2   | Lost mutation: You are weak. (Str -2) [potion of mutation]
 17560 | Lair:2   | Lost mutation: Your flesh is cold resistant. (rC+) [potion
                  | of mutation]
 17560 | Lair:2   | Gained mutation: You occasionally lose the ability to drink
                  | potions when taking damage. [potion of mutation]
 17560 | Lair:2   | Gained mutation: Your muscles are strong. (Str +4, Int/Dex
                  | -1) [potion of mutation]
 17560 | Lair:2   | Gained mutation: You occasionally shout uncontrollably at
                  | your foes. [potion of mutation]
 17859 | Shoals:1 | Entered Level 1 of the Shoals
 18099 | Lair:4   | Lost mutation: Your muscles are strong. (Str +4, Int/Dex
                  | -1) [potion of mutation]
 18099 | Lair:4   | Lost mutation: You occasionally lose the ability to drink
                  | potions when taking damage. [potion of mutation]
 18099 | Lair:4   | Lost mutation: You occasionally shout uncontrollably at
                  | your foes. [potion of mutation]
 18099 | Lair:4   | Gained mutation: You have a somewhat thin skeletal
                  | structure. (Dex +2, Stealth+) [potion of mutation]
 18099 | Lair:4   | Gained mutation: You have hidden genetic defects. [potion
                  | of mutation]
 18099 | Lair:4   | Lost mutation: You have a somewhat thin skeletal structure.
                  | (Dex +2, Stealth+) [potion of mutation]
 18150 | Lair:4   | Found a runed translucent door.
 18193 | Lair:4   | Reached skill level 1 in Ice Magic
 18520 | Lair:4   | Reached skill level 14 in Stealth
 18562 | Lair:4   | Mangled by a black mamba

Illustrated notes

Levels and vault maps discovered:
D:1:      onia_arrival_pyramid, layout_rooms, serial_shops,
          nicolae_shop_hallway_stairs, chequers_ecumenical_altar_twisty
D:2:      layout_rooms, fountainhead
D:3:      layout_loops_ring, marbit_many_paths, ebering_ghost_rock_garden,
          wander_ebering_terrifying_dragon_lair
D:4:      layout_basic, mainiacjoe_overflow_catwalk,
          nicolae_overflow_crystal_walls, mainiacjoe_overflow_divided_tiny,
          jmf_multi_god_temple, minmay_temple_entry_statues_pillars,
          nicolae_titane
D:5:      layout_loops_corners, nicolae_qazlal_scattered_showers,
          gammafunk_ghost_stat_death, pf_guarded_unrand_delatra
D:6:      minmay_chambers_of_threes, layout_layer_cave, nicolae_grassy_gnolls,
          uniq_edmund, uniq_sigmund, uniq_blork_the_orc
D:7:      layout_layer_cave, old_standard_altar, minmay_bent
D:8:      layout_basic
D:9:      layout_long_grid, kennysheep_mini_moat, nzn_wu_jian_council_hall,
          due_lair_maze_entry_diamond, gammafunk_ghost_hive,
          minmay_diced_spiral, uniq_joseph
D:10:     layout_layer_cave
D:11:     layout_rooms, gauntlet_entry_generic, chequers_garden,
          worldfamousw_hep_ancestral_shrine
D:12:     layout_irregular_city, uniq_lodul, uniq_psyche
D:13:     layout_loops_ring, david_vaults_4, grunt_decor_resistance,
          uniq_frances
Lair:1:   layout_regular_city, roderic_batcave
Lair:2:   minmay_guarded_unrand_snakebite, layout_regular_city
Lair:3:   layout_roguey, shoals_dummy_entry, spider_nest_entry_webs,
          grunt_megastairs_2
Lair:4:   gammafunk_mikee_crab_dinner, layout_long_grid,
          minmay_slime_entry_eyes, lemuel_old_faithful
Shoals:1: layout_shoals, uniq_kirke

Skill      XL: |  1  2  3  4  5  6  7  8  9 10 11 12 13 |
---------------+----------------------------------------+-----
Dodging        | 3 4 5 6 7 9 10 11 | 11.4
Spellcasting   | 3 4 5 6 7 8 9 10 | 10.7
Hexes          | 4 5 6 8 10 11 | 11.1
Stealth        | 5 6 7 8 10 11 12 13 14 | 14.0
Short Blades   | 2 3 4 5 6 7 8 9 |  9.3
Fighting       | 1 2 3 4 5 6 |  6.8
Shields        | 1 3 |  3.0
Ranged Weapons | 3 |  3.5
Evocations     | 3 6 |  6.7
Throwing       | 1 4 |  4.4
Armour         | 1 3 |  3.1
Maces & Flails | 2 |  2.1
Translocations | 1 |  1.1
Transmutations | 2 |  2.8
Ice Magic      | 2 |  2.3

Action                   |  1- 3 |  4- 6 |  7- 9 | 10-12 | 13-15 || total
-------------------------+-------+-------+-------+-------+-------++-------
Melee: Dagger            |    15 |   142 |   377 |   839 |   221 ||  1594
       Short sword       |   104 |    22 |    40 |       |     5 ||   171
       Punch             |       |     1 |     2 |       |       ||     3
       Whip              |       |       |       |       |    74 ||    74
Throw: Boomerang         |       |    25 |    32 |    35 |    13 ||   105
 Cast: Tukima's Dance    |       |       |    11 |    11 |       ||    22
       Confusing Touch   |       |       |     6 |     6 |       ||    12
       Ensorcelled Hiber |       |       |     2 |    25 |     6 ||    33
       Slow              |       |       |       |       |     1 ||     1
Invok: Lunge             |     5 |     8 |    11 |    59 |    11 ||    94
       Whirlwind         |     2 |    10 |    40 |   122 |    28 ||   202
       Serpent's Lash    |       |       |     4 |     4 |     2 ||    10
       Heavenly Storm    |       |       |       |       |     1 ||     1
Evoke: Wand              |       |       |     3 |     1 |       ||     4
  Use: Potion            |       |     3 |       |     6 |     8 ||    17
       Scroll            |       |       |     1 |     4 |     6 ||    11
 Stab: Sleeping          |    10 |    10 |    12 |    58 |    12 ||   102
       Distracted        |       |     1 |     2 |       |     1 ||     4
       Confused          |       |       |     3 |     6 |       ||     9
Armor: Robe              |    12 |     6 |    15 |     5 |       ||    38
       Steam dragon scal |       |       |       |    10 |     1 ||    11
       Troll leather arm |       |       |       |     7 |    12 ||    19
Dodge: Dodged            |    83 |   113 |   291 |   515 |   249 ||  1251
Block: Buckler           |       |       |    47 |   175 |    88 ||   310

Table legend: (Time is in decaauts)
 A = Elapsed time spent in this place.
 B = Non-inter-level travel time spent in this place.
 C = Inter-level travel time spent in this place.
 D = Time resting spent in this place.
 E = Time spent auto-exploring this place.
 F = Levels seen in this place.
 G = Mean time per level.
                   A        B        C        D        E       F      G
               +--------+--------+--------+--------+--------+-----+--------+
         Total |  13163 |  13106 |     57 |   2918 |   3367 |  19 |  692.8 |
       Dungeon |  10104 |  10086 |     18 |   2311 |   2841 |  13 |  777.2 |
          Lair |   2637 |   2598 |     39 |    442 |    525 |   4 |  659.2 |
        Shoals |     76 |     76 |      0 |      0 |      0 |   1 |   76.0 |
      Gauntlet |    345 |    345 |      0 |    164 |      0 |   1 |  345.0 |
               +--------+--------+--------+--------+--------+-----+--------+

Top non-repeatable levels by time:
     D:5: 1381 daAuts
     D:6: 1360 daAuts
    D:10: 1107 daAuts
    D:11: 1024 daAuts
     D:9: 952 daAuts
     D:7: 782 daAuts
  Lair:2: 772 daAuts
    D:12: 757 daAuts
  Lair:3: 755 daAuts
  Lair:1: 740 daAuts
     D:4: 690 daAuts
     D:3: 685 daAuts
     D:8: 584 daAuts
     D:1: 377 daAuts
  Lair:4: 368 daAuts
